 Dungeon Crawl Stone Soup version 0.28-a0-46-g7b1be97da7 (webtiles) character file.

Game seed: 18441076498631159682

79 Mesmaeker13 the Skirmisher (level 4, 0/38 HPs)
             Began as a Ghoul Warper on July 29, 2021.
             Slain by a rat (2 damage)
             ... on level 2 of the Dungeon.
             The game lasted 00:02:22 (1172 turns).

Mesmaeker13 the Skirmisher (Ghoul Warper)           Turns: 1172, Time: 00:02:23

Health: 0/38       AC:  6    Str: 14    XL:     4   Next: 37%
Magic:  5/5        EV:  9    Int:  9    God:
Gold:   47         SH:  0    Dex:  8    Spells: 6/6 levels left

rFire   . . .      SeeInvis .     - Unarmed
rCold   + . .      Faith    .   (no shield)
rNeg    + + +      Spirit   .   e - +0 scale mail
rPois   ∞          Reflect  .   (no helmet)
rElec   .          Harm     .   (no cloak)
rCorr   .          Rampage  .   (no gloves)
Will    .....                   (no boots)
Stlth   ..........              (no amulet)
HPRegen 0.00/turn               (no ring)
MPRegen 0.09/turn               (no ring)

@: inhibited regen
A: claws 1, cold resistance 1, negative energy resistance 3, inhibited
regeneration, torment resistance 2
a: no special abilities


You were on level 2 of the Dungeon.
You visited 1 branch of the dungeon, and saw 2 of its levels.

You collected 47 gold pieces.

Inventory:

Missiles
 c - 5 boomerangs of dispersal (quivered)
 d - 8 javelins
Armour
 e - a +0 scale mail (worn)
Scrolls
 b - 2 scrolls of blinking


   Skills:
 + Level 3.1 Fighting
 + Level 1.9 Throwing
 + Level 1.9 Armour
 - Level 1.7 Dodging
 + Level 3.0 Unarmed Combat
 - Level 1.7 Spellcasting
 - Level 2.6 Translocations


You had 6 spell levels left.
You didn't know any spells.
Your spell library contained the following spells:

 Spells                   Type           Power      Damage    Failure   Level
 Blink                    Tloc           N/A        N/A       58%         2
 Gell's Gravitas          Tloc           2%         N/A       82%         3
 Lesser Beckoning         Tloc           2%         N/A       82%         3
 Teleport Other           Tloc           5%         N/A       82%         3
 Manifold Assault         Tloc           5%         N/A       100%        5


Dungeon Overview and Level Annotations

Branches:
Dungeon (2/15)

Altars:


Innate Abilities, Weirdness & Mutations

You thrive by killing the living.
You are immune to poison.
You have sharp fingernails.
Your flesh is cold resistant. (rC+)
You are immune to negative energy. (rN+++)
You do not regenerate when monsters are visible.
You are immune to unholy pain and torment.


Message History

The adder hisses angrily.
The adder bites you. The adder bites you but does no damage.
The adder closely misses you. The adder bites you.
* * * LOW HITPOINT WARNING * * *
The adder barely misses you.
You open the door. The adder bites you.
* * * LOW HITPOINT WARNING * * *
The adder barely misses you.
There is an open door here.
You miss the adder. The adder barely misses you.
You claw the adder!
The adder is severely wounded.
The adder bites you but does no damage.
You scratch the adder.
You kill the adder!
You feel better.
You open the door. The gnoll barely misses you.
Found an Everburning Encyclopedia.
The gnoll barely misses you.
There is an open door here.
The endoplasm jiggles.
The gnoll hits you with a +0 whip.
* * * LOW HITPOINT WARNING * * *
The gnoll hits you with a +0 whip.
* * * LOW HITPOINT WARNING * * *
The gnoll barely misses you.
Found a scroll labelled GURHIE TUTTEUNGY.
Found a stone staircase leading down.
Found a stone staircase leading down.
You see here a scroll labelled GURHIE TUTTEUNGY.
Found a quarterstaff and 15 gold pieces.
A rat comes into view.
Found a stone staircase leading up.
The rat bites you but does no damage.
You see here a +0 quarterstaff.
The gnoll barely misses you.
There is a stone staircase leading up here.
The rat bites you.
You die...

###### ## ##..... .# .$...###.#
# #.>...#..#####
##.##.##..........
.....##......# # #. #.##)#...##
#. #.##....Jgr.#
#..##.......##@##
#...>...######.# #.###.#?# ##+#
.# #.......# ##...## .#
#..##.#.# ##.....## ### .#
#.......###.......## ##.##.#
####....#.##.........####...#.#
...........+.........'........#
####....#.##.........####J....#


You could see a gnoll, an endoplasm and a rat.

Vanquished Creatures
  2 gnolls (D:2)
  2 adders (D:2)
  A dart slug (D:1)
  3 ball pythons (D:1)
  3 endoplasms
  2 goblins
  A hobgoblin (D:1)
  13 jackals (D:1)
  A quokka (D:1)
  A bat (D:1)
  A frilled lizard (D:1)
  2 kobolds (D:1)
  4 rats
36 creatures vanquished.

Notes
Turn   | Place    | Note
-------+----------+-------------------------------------------
     0 | D:1      | Mesmaeker13 the Ghoul Warper began the quest for the Orb.
     0 | D:1      | Reached XP level 1. HP: 17/17 MP: 2/2
    29 | D:1      | Reached skill level 1 in Throwing
    29 | D:1      | Reached skill level 1 in Armour
   163 | D:1      | Reached XP level 2. HP: 11/25 MP: 3/3
   529 | D:1      | Found a faded altar of an unknown god.
   589 | D:1      | Reached XP level 3. HP: 28/30 MP: 4/4
   849 | D:1      | You fall into a shaft and drop 1 floor!
  1021 | D:2      | Reached XP level 4. HP: 37/38 MP: 5/5
  1172 | D:2      | Slain by a rat

Illustrated notes

Levels and vault maps discovered:
D:1:      amcnicky_arrival_flooded_fountain, layout_basic,
          ebering_ecumenical_altar_rust
D:2:      layout_loops_corners

Skill      XL: |  1  2  3  4 |
---------------+-------------+-----
Throwing       | 1 |  1.9
Armour         | 1 |  1.9
Fighting       | 3 |  3.1
Unarmed Combat | 3 |  3.0
Dodging        | |  1.7
Spellcasting   | |  1.7
Translocations | |  2.6

Action                   |  1- 3 |  4- 6 || total
-------------------------+-------+-------++-------
Melee: Unarmed           |   109 |     9 ||   118
       Punch             |     1 |       ||     1
Armor: Leather armour    |    18 |       ||    18
       Scale mail        |    19 |     3 ||    22
Dodge: Dodged            |    69 |     9 ||    78

Table legend: (Time is in decaauts)
 A = Elapsed time spent in this place.
 B = Non-inter-level travel time spent in this place.
 C = Inter-level travel time spent in this place.
 D = Time resting spent in this place.
 E = Time spent auto-exploring this place.
 F = Levels seen in this place.
 G = Mean time per level.
                   A        B        C        D        E       F      G
               +--------+--------+--------+--------+--------+-----+--------+
         Total |   1167 |   1167 |      0 |    346 |    405 |   2 |  583.5 |
       Dungeon |   1167 |   1167 |      0 |    346 |    405 |   2 |  583.5 |
               +--------+--------+--------+--------+--------+-----+--------+

Top non-repeatable levels by time:
     D:1: 845 daAuts
     D:2: 321 daAuts
